cohdb
Replays
Latest Replays
All Replays
Popular Replays
Top Player Replays
Match Explorer
How It Works
Community
CoH3 Stats
Reddit
Sign in to upload your games and track your stats! →
Sign in with Steam
Match 42239379
Unlisted
Match 42239379
Overview
Messages
Build Orders
End
Construct Infanterie Kompanie
Kettenkrad Recon Vehicle
MG 42 Machine Gun Team
Selects Terror Battlegroup
Selects Machine Gun Camouflage
GrW 34 Mortar Team
Grenadier Squad
MG 42 Machine Gun Team
Construct Panzergrenadier Kompanie
Medical Bunker
Construct Panzer Kompanie
Selects Contempt for the Weak
Stoßtruppen Squad
Forward Retreat Point
Panzergrenadier Squad
Selects No Quarter
Stoßtruppen Squad
Panzer Officer Quarters
Sturmpanzer IV Brummbär
Grenadier Squad
Stoßtruppen Squad
Forward Retreat Point
IIIIIIIIIIIIIIII
koba (Monkey man)
Deadly
Kösmischer
homig
Alvarez
kerem
sunsetistaken
0
0
Comments
sign in to comment!
No comments posted yet!